 Dungeon Crawl Stone Soup version 0.24.0-1-gfbc8707 (webtiles) character file.

Game seed: 11774416755481205395, levelgen mode: deterministic

25 Charmandara the Vexing (level 2, 0/23 HPs)
             Began as a Demigod Enchanter on Nov 8, 2019.
             Killed by nerve-wracking pain
             ... invoked by Jessica
              (12 damage)
             ... on level 1 of the Dungeon.
             The game lasted 00:02:41 (1427 turns).

Charmandara the Vexing (Demigod Enchanter)          Turns: 1427, Time: 00:02:41

Health: 0/23       AC:  3    Str: 11    XL:     2   Next: 66%
Magic:  0/7        EV: 12    Int: 19    God:
Gold:   43         SH:  0    Dex: 16    Spells: 2/5 levels left

rFire    . . .     SeeInvis .   a - +1 dagger
rCold    . . .     Gourm    .   (no shield)
rNeg     . . .     Faith    .   e - +0 leather armour
rPois    .         Spirit   .   (no helmet)
rElec    .         Reflect  .   (no cloak)
rCorr    .         Harm     .   (no gloves)
MR       .....                  (no boots)
Stlth    ++........             (no amulet)
HPRegen  0.07/turn              g - +3 ring of slaying
MPRegen  0.10/turn              (no ring)

@: lethally poisoned (0 -> -2), very slightly contaminated, slowed, very slow
A: high mp 1
a: no special abilities


You were on level 1 of the Dungeon.
You were not hungry.

You visited 1 branch of the dungeon, and saw 2 of its levels.

You collected 43 gold pieces.

Inventory:

Hand Weapons
 a - a +1 dagger (weapon)
 f - a +0 short sword
   (You took it off a kobold on level 1 of the Dungeon)
Missiles
 i - 15 poisoned darts
 j - 4 stones (quivered)
 l - 26 sling bullets
Armour
 b - a +0 robe
 e - a +0 leather armour (worn)
   (You found it on level 1 of the Dungeon)
Jewellery
 g - a +3 ring of slaying (left hand)
   (You found it on level 1 of the Dungeon)
Scrolls
 c - 2 scrolls of remove curse
 h - a scroll of identify
 m - a scroll of amnesia
Potions
 n - a potion of invisibility {unknown}
 o - a potion of heal wounds
 p - a potion of ambrosia
Comestibles
 d - a ration


   Skills:
 - Level 1.0 Fighting
 - Level 2.0 Short Blades
 - Level 1.7 Dodging
 - Level 2.6 Stealth
 + Level 2.1 Spellcasting
 - Level 2.6 Hexes


You had 2 spell levels left.
You knew the following spells:

 Your Spells              Type           Power        Failure   Level  Hunger
a - Ensorcelled Hibernat  Hex/Ice        #.....       19%         2    ###....
v - Corona                Hex            ##.....      8%          1    #......

Your spell library contained the following spells:

 Spells                   Type           Power        Failure   Level  Hunger
 Confuse                  Hex            ##......     22%         3    ###....
 Tukima's Dance           Hex            ##......     22%         3    ###....
 Dazzling Spray           Conj/Hex       #.....       36%         3    ###....


Dungeon Overview and Level Annotations

Branches:
Dungeon (2/15)

Annotations:
D:1 Jessica


Innate Abilities, Weirdness & Mutations

You have an increased reservoir of magic. (+10% MP)


Message History

Aim: a goblin (chance to defeat MR: 56%)
The goblin resists with significant effort.
Unknown command.
You now have 5/7 mp.
You closely miss the goblin. The goblin misses you.
You hit the goblin. You hit the goblin.
You kill the goblin!
You see here a goblin corpse.
You see here a goblin corpse.
You see here a goblin corpse.
The dart slug launches a dart at you. The slug dart hits you.
You take 3 damage, and have 18/23 hp.
Aim: a dart slug (clinging, chance to defeat MR: 56%)
The dart slug looks drowsy...
You now have 4/7 mp.
The adder misses you.
The giant cockroach waves its antennae.
You see here a goblin corpse.
You hit the dart slug. The adder bites you. The dart slug closely misses you.
You take 3 damage, and have 15/23 hp.
Aim: an adder (chance to defeat MR: 48%)
The adder resists with some effort.
The adder closely misses you. The adder bites you.
You take 3 damage, and have 12/23 hp.
You now have 2/7 mp.
Unknown command.
Aim: an adder (chance to defeat MR: 48%)
You miscast Ensorcelled Hibernation.
You are very lightly contaminated with residual magic.
Your hands glow momentarily.
The dart slug misses you. The adder misses you.
You now have 0/7 mp.
An adder comes into view.
The adder bites you.
You take 5 damage, and have 7/23 hp.
MASSIVE DAMAGE!!
As you read the scroll labeled LAMOAN CYOMP, it crumbles to dust.
You feel strangely unstable.
It was a scroll of teleportation.
The adder barely misses you.
Unknown command.
As you read the scroll labeled TYAPPE PAGE, it crumbles to dust.
You feel as if something is helping you.
It was a scroll of remove curse.
The adder bites you.
* * * LOW HITPOINT WARNING * * *
You are lethally poisoned!
The adder poisons you!
You take 2 damage, and have 5/23 hp.
Unknown command.
Okay, then.
It was a potion of heal wounds.
You feel much better.
You feel sick. The adder misses you. The adder barely misses you.
You regained 17 hp, and now have 22/23 hp.
You aren't carrying any items that you can evoke.
Unknown command.
As you read the scroll labeled IZOOVV KEMUS, it crumbles to dust.
It is a scroll of amnesia.
Really abort (and waste the scroll)?
Okay, then.
Your surroundings suddenly seem different.
You feel sick.
A goblin comes into view.
The goblin shouts!
Jessica the Apprentice Sorceress comes into view.
She is wielding a -2 club.
Jessica shouts!
A hobgoblin comes into view. It is wielding a +0 club.
The hobgoblin shouts!
A kobold comes into view.
The kobold shouts!
Jessica shouts, "Stop bothering me, or I'll kill you!"
You hear an angry hiss.
Found a twisted bone ring.
Found an escape hatch in the ceiling.
Found a stone staircase leading down.
You take 1 damage, and have 21/23 hp.
Unknown command.
Unknown command.
You feel sick. Jessica gestures at you while chanting.
Pain shoots through your body! The goblin misses you.
You take 3 damage, and have 18/23 hp.
There is an escape hatch in the ceiling here.
The goblin barely misses you. The kobold barely misses you.
Jessica gestures at you while chanting.
You feel yourself slow down. A mysterious force pulls you upwards.
The hatch slams shut behind you.
You feel sick.
You take 1 damage, and have 17/23 hp.
As you read the scroll labeled BINOFETOUJ, it crumbles to dust.
It is a scroll of identify.
p - a potion of ambrosia The goblin barely misses you.
The kobold barely misses you. Jessica closely misses you. The goblin hits you.
The kobold closely misses you. Jessica closely misses you.
You take 1 damage, and have 16/23 hp.
Okay, then.
Aim: Jessica, wielding a -2 club and wearing a +0 robe (chance to defeat MR: 48%) Jessica resists with some effort.
You feel sick. The goblin barely misses you. The kobold hits you.
Jessica points at you and mumbles some strange words.
Pain shoots through your body!
Ouch! That really hurt!
You die...

.## #...........#
##.###..## .#
#.##.......## #.....## .#
#.##........###########..#
.####.##........#.....#
#.##
.........#............#
#.#
.........#............#
#.#
.........#............#
#.#
.#######.......g......#
#.# .# ####.#)##@######
#.# .## #....@K# #.# ..#
###.########### #.# ..#
#.............# #)# #.#
#.#..#.#..###.###.# #.#
#.#..#....#.......# #.#
#.#...###.#.#.#####
..####### #.##..# #...#.#
........###.##..###...).#


You could see Jessica, a goblin and a kobold.

Vanquished Creatures
  2 leopard geckos (D:1)
  3 goblins
  A hobgoblin (D:1)
  4 jackals (D:1)
  3 bats (D:1)
  A frilled lizard (D:1)
  5 kobolds (D:1)
  4 rats (D:1)
23 creatures vanquished.

Notes
Turn   | Place    | Note
-------+----------+-------------------------------------------
     0 | D:1      | Charmandara the Demigod Enchanter began the quest for the
                  | Orb.
     0 | D:1      | Reached XP level 1. HP: 14/14 MP: 5/5
    52 | D:1      | Reached skill level 1 in Short Blades
   743 | D:1      | Reached skill level 2 in Short Blades
   749 | D:1      | Reached XP level 2. HP: 20/20 MP: 7/7
   996 | D:1      | Learned a level 2 spell: Ensorcelled Hibernation
  1081 | D:1      | Reached skill level 1 in Fighting
  1119 | D:1      | Reached skill level 2 in Spellcasting
  1416 | D:2      | HP: 5/23 [adder (2)]
  1419 | D:2      | Noticed Jessica
  1427 | D:1      | Killed from afar by Jessica

Levels and vault maps discovered:
D:1:      minmay_arrival_wavy_path, layout_loops_cross,
          corexii_leaking_fountain, minmay_bisected
D:2:      layout_rooms, chequers_garden, due_unseen_surprise, uniq_jessica

Skill      XL: |  1  2 |
---------------+-------+-----
Short Blades   | 2 |  2.0
Fighting       | 1 |  1.0
Spellcasting   | 2 |  2.1
Dodging        | |  1.7
Stealth        | |  2.6
Hexes          | |  2.6

Action                   || total
-------------------------++-------
Melee: Dagger            ||    79
 Cast: Corona            ||     7
       Ensorcelled Hiber ||     7
  Use: Scroll            ||     4
       Potion            ||     1
 Stab: Sleeping          ||     5
  Eat: Chunk             ||     2
Armor: Leather armour    ||    10
       Robe              ||     5
Dodge: Dodged            ||    69

Levels and vault maps discovered:
D:1:      minmay_arrival_wavy_path, layout_loops_cross,
          corexii_leaking_fountain, minmay_bisected
D:2:      layout_rooms, chequers_garden, due_unseen_surprise, uniq_jessica

Table legend:
 A = Turns spent in this place as a percentage of turns spent in the entire game.
 B = Non-inter-level travel turns spent in this place as a percentage of non-inter-level travel turns spent in the entire game.
 C = Inter-level travel turns spent in this place as a percentage of turns spent in this place.
 D = Turns resting spent in this place as a percentage of non-inter-level travel turns spent in this place.
 E = Turns spent auto-exploring this place as a percentage of non-inter-level travel turns spent in this place.
 F = Non-inter-level travel turns spent in this place divided by the number of levels of this place that you've seen.
                   A       B       C       D       E      F
               +-------+-------+-------+-------+-------+----------------------
         Total | 100.0 | 100.0 |   0.7 |  44.7 |  34.6 | 708.5
       Dungeon | 100.0 | 100.0 |   0.7 |  44.7 |  34.6 | 708.5
               +-------+-------+-------+-------+-------+----------------------

Table legend:
 A = Kills in this place as a percentage of kills in entire the game.
 B = Kills by you in this place as a percentage of kills by you in the entire game.
 C = Kills by friends in this place as a percentage of kills by friends in the entire game.
 D = Other kills in this place as a percentage of other kills in the entire game.
 E = Experience gained in this place as a percentage of experience gained in the entire game.
 F = Experience gained in this place divided by the number of levels of this place that you have seen.
                   A       B       C       D       E      F
               +-------+-------+-------+-------+-------+----------------------
         Total | 100.0 | 100.0 |   N/A |   N/A | 100.0 |  18.5
       Dungeon | 100.0 | 100.0 |   N/A |   N/A | 100.0 |  18.5
               +-------+-------+-------+-------+-------+----------------------
